3L
ECHO PARK LAKERS @ HOUSTON 1837 BBC
10/02/2039
 
TOP OF THE 1ST
Echo Park Lakers batting - Pitching for Houston 1837 BBC : RHP Júlio Gutiérrez
Pitching: RHP Júlio Gutiérrez
Batting: LHB Wu-shun Chu 0-0: Foul Ball, location: 2F
0-1: Ball
1-1: Ball
2-1: Ball
3-1: Foul Ball, location: 2F
3-2: Fly out, F9 (Flyball, 9LS, EV 86.9 MPH)
Batting: RHB Gilberto Juárez 0-0: SINGLE (Flyball, 8RS, EV 86.2 MPH)
Batting: LHB Philip Todd 0-0: Swinging Strike
0-1: Ball
1-1: Called Strike
1-2: Foul Ball, location: 2F
1-2: Ball
2-2: Strikes out looking
Batting: LHB John Schaefer 0-0: Ball
1-0: Foul Ball, location: 2F
1-1: Foul Ball, location: 2F
1-2: Foul Ball, location: 2F
1-2: Ball
2-2: Fly out, F8 (Flyball, 89D, EV 98.8 MPH)
Top of the 1st over - 0 runs, 1 hit, 0 errors, 1 left on base; Echo Park 0 - Houston 0
BOTTOM OF THE 1ST
Houston 1837 BBC batting - Pitching for Echo Park Lakers : LHP Francisco Rivas
Pitching: LHP Francisco Rivas
Batting: RHB Jon Huband 0-0: Ball
1-0: Ball
2-0: Swinging Strike
2-1: Foul Ball, location: 2F
2-2: SINGLE (Groundball, 34, EV 85.0 MPH) (infield hit)
Batting: RHB Adam Smith 0-0: Ball
Jon Huband is caught stealing 2nd base 2-4
1-0: Ground out 5-3 (Groundball, 56, EV 79.4 MPH)
Batting: SHB Yeow-whye Zhu 0-0: Ball
1-0: Ball
2-0: Ground out 6-3 (Groundball, 6, EV 80.0 MPH)
Bottom of the 1st over - 0 runs, 1 hit, 0 errors, 0 left on base; Echo Park 0 - Houston 0
TOP OF THE 2ND
Echo Park Lakers batting - Pitching for Houston 1837 BBC : RHP Júlio Gutiérrez
Batting: RHB Komotay Koffie 0-0: Called Strike
0-1: Ball
1-1: Ball
2-1: Foul Ball, location: 2F
2-2: Ball
3-2: Base on Balls
Batting: RHB Kyu-cheol Kye 0-0: Grounds into double play, 5-4-3 (Groundball, 56S, EV 90.0 MPH)
Batting: SHB Ryan Wood 0-0: Ball
1-0: Called Strike
1-1: Ball
2-1: Ball
3-1: Foul Ball, location: 2F
3-2: Base on Balls
Batting: RHB Ryoma Yamamoto 0-0: Foul Ball, location: 2F
0-1: Swinging Strike
0-2: Ball
1-2: Ball
2-2: Fly out, F2 (Popup, 5SF, EV 79.4 MPH)
Top of the 2nd over - 0 runs, 0 hits, 0 errors, 1 left on base; Echo Park 0 - Houston 0
BOTTOM OF THE 2ND
Houston 1837 BBC batting - Pitching for Echo Park Lakers : LHP Francisco Rivas
Batting: RHB Krystof Melichar 0-0: Ball
1-0: Ball
2-0: Ball
3-0: Called Strike
3-1: SINGLE (Line Drive, 34, EV 106.2 MPH)
Batting: RHB Joey Trifone 0-0: Ball
1-0: Ball
2-0: Fielders Choice at 2nd, 6-4 (Groundball, 6, EV 98.1 MPH)
Batting: LHB Ramiro Palmeiro 0-0: Swinging Strike
0-1: Called Strike
0-2: Strikes out looking
Batting: RHB Scott Dourque 0-0: Ball
1-0: Reached on error, E6 (Groundball, 6, EV 85.0 MPH)
Joey Trifone to second
Batting: LHB Bill Dixon 0-0: Fielders Choice at 2nd, 6-4 (Groundball, 56, EV 95.6 MPH)
Bottom of the 2nd over - 0 runs, 1 hit, 1 error, 2 left on base; Echo Park 0 - Houston 0
TOP OF THE 3RD
Echo Park Lakers batting - Pitching for Houston 1837 BBC : RHP Júlio Gutiérrez
Batting: RHB Felipe Campos 0-0: Ball
1-0: Swinging Strike
1-1: Ball
2-1: Ground out 5-3 (Groundball, 56S, EV 80.6 MPH)
Batting: LHB Wu-shun Chu 0-0: Ball
1-0: Swinging Strike
1-1: DOUBLE (Groundball, 5L, EV 104.4 MPH)
Batting: RHB Gilberto Juárez 0-0: Ball
1-0: Called Strike
1-1: Swinging Strike
1-2: Strikes out swinging
Batting: LHB Philip Todd 0-0: Called Strike
0-1: Ball
1-1: Fly out, F8 (Flyball, 8RM, EV 85.6 MPH)
Top of the 3rd over - 0 runs, 1 hit, 0 errors, 1 left on base; Echo Park 0 - Houston 0
BOTTOM OF THE 3RD
Houston 1837 BBC batting - Pitching for Echo Park Lakers : LHP Francisco Rivas
Batting: RHB David Elías 0-0: Called Strike
0-1: Called Strike
0-2: Foul Ball, location: 2F
0-2: Fly out, F7 (Flyball, 7S, EV 93.8 MPH)
Batting: RHB Jon Huband 0-0: Called Strike
0-1: Fly out, F2 (Popup, 3SF, EV 80.0 MPH)
Batting: RHB Adam Smith 0-0: Ball
1-0: Ball
2-0: Foul Ball, location: 2F
2-1: Ground out 6-3 (Groundball, 56, EV 103.8 MPH)
Bottom of the 3rd over - 0 runs, 0 hits, 0 errors, 0 left on base; Echo Park 0 - Houston 0
TOP OF THE 4TH
Echo Park Lakers batting - Pitching for Houston 1837 BBC : RHP Júlio Gutiérrez
Batting: LHB John Schaefer 0-0: SINGLE (Groundball, 56D, EV 102.5 MPH)
Batting: RHB Komotay Koffie 0-0: Foul Ball, location: 2F
0-1: Swinging Strike
0-2: Strikes out swinging
Batting: RHB Kyu-cheol Kye 0-0: Ball
1-0: Ball
2-0: Called Strike
2-1: SINGLE (Popup, 4D, EV 50.6 MPH)
John Schaefer to second
Batting: SHB Ryan Wood 0-0: Ball
1-0: Called Strike
John Schaefer is caught stealing 3rd base 2-5
Kyu-cheol Kye to second
1-1: Ground out 4-3 (Groundball, 34, EV 86.2 MPH)
Top of the 4th over - 0 runs, 2 hits, 0 errors, 1 left on base; Echo Park 0 - Houston 0
BOTTOM OF THE 4TH
Houston 1837 BBC batting - Pitching for Echo Park Lakers : LHP Francisco Rivas
Batting: SHB Yeow-whye Zhu 0-0: SINGLE (Line Drive, 8RS, EV 98.1 MPH)
Batting: RHB Krystof Melichar 0-0: Swinging Strike
0-1: Reached on error, E6 (Groundball, 6, EV 85.0 MPH)
Yeow-whye Zhu to second
Batting: RHB Joey Trifone 0-0: 3-RUN HOME RUN (Flyball, 7LD, EV 93.1 MPH), Distance : 361 ft
Batting: LHB Ramiro Palmeiro 0-0: Ball
1-0: Called Strike
1-1: Foul Ball, location: 2F
1-2: Ball
2-2: Ball
3-2: SINGLE (Line Drive, 6MD, EV 95.6 MPH)
Batting: RHB Scott Dourque 0-0: SINGLE (Flyball, 78M, EV 92.5 MPH)
Ramiro Palmeiro to second
Batting: LHB Bill Dixon 0-0: Swinging Strike
0-1: Fly out, F7 (Flyball, 7S, EV 85.6 MPH)
Batting: RHB David Elías 0-0: Swinging Strike
0-1: Called Strike
0-2: Ball
1-2: Grounds into double play, 6-4-3 (Groundball, 6, EV 87.5 MPH)
Bottom of the 4th over - 3 runs, 4 hits, 1 error, 1 left on base; Echo Park 0 - Houston 3
TOP OF THE 5TH
Echo Park Lakers batting - Pitching for Houston 1837 BBC : RHP Júlio Gutiérrez
Batting: RHB Ryoma Yamamoto 0-0: Called Strike
0-1: Swinging Strike
0-2: Ground out 4-3 (Groundball, 4M, EV 82.5 MPH)
Batting: RHB Felipe Campos 0-0: Swinging Strike
0-1: Ball
1-1: Ball
2-1: Ground out 5-3 (Groundball, 5, EV 78.8 MPH)
Batting: LHB Wu-shun Chu 0-0: Foul Ball, location: 2F
0-1: Ball
1-1: SINGLE (Line Drive, 7S, EV 104.4 MPH)
Batting: RHB Gilberto Juárez 0-0: Called Strike
0-1: Ball
Wu-shun Chu steals 2nd base
1-1: Swinging Strike
1-2: Ball
2-2: Strikes out swinging
Top of the 5th over - 0 runs, 1 hit, 0 errors, 1 left on base; Echo Park 0 - Houston 3
BOTTOM OF THE 5TH
Houston 1837 BBC batting - Pitching for Echo Park Lakers : LHP Francisco Rivas
Batting: RHB Jon Huband 0-0: DOUBLE (Groundball, 5L, EV 108.1 MPH)
Batting: RHB Adam Smith 0-0: Called Strike
0-1: Ball
1-1: Called Strike
1-2: DOUBLE (Line Drive, 3D, EV 95.0 MPH)
Jon Huband scores
Batting: SHB Yeow-whye Zhu 0-0: Ball
1-0: Foul Ball, location: 2F
1-1: Ball
2-1: Called Strike
2-2: Ground out 6-3 (Groundball, 6, EV 93.8 MPH)
Batting: RHB Krystof Melichar 0-0: Ball
1-0: Ball
2-0: Ground out 6-3 (Groundball, 6, EV 103.1 MPH)
Batting: RHB Joey Trifone 0-0: Called Strike
0-1: Foul Ball, location: 2F
0-2: Strikes out looking
Bottom of the 5th over - 1 run, 2 hits, 0 errors, 1 left on base; Echo Park 0 - Houston 4
TOP OF THE 6TH
Echo Park Lakers batting - Pitching for Houston 1837 BBC : RHP Júlio Gutiérrez
Pitching: RHP Millard Smith
Batting: LHB Philip Todd 0-0: Ball
1-0: Called Strike
1-1: Ball
2-1: Ball
3-1: Base on Balls
Batting: LHB John Schaefer 0-0: Ball
1-0: Ball
2-0: Foul Ball, location: 2F
2-1: 2-RUN HOME RUN (Flyball, 89XD, EV 90.6 MPH), Distance : 448 ft
Batting: RHB Komotay Koffie 0-0: Called Strike
0-1: Foul Ball, location: 2F
0-2: Ball
1-2: Foul Ball, location: 2F
1-2: Ball
2-2: Ball
3-2: Base on Balls
Batting: RHB Kyu-cheol Kye 0-0: Ball
1-0: Swinging Strike
1-1: Foul Ball, location: 2F
1-2: Ball
2-2: Strikes out swinging
Batting: SHB Ryan Wood 0-0: Grounds into double play, 4-6-3 (Groundball, 4, EV 90.6 MPH)
Top of the 6th over - 2 runs, 1 hit, 0 errors, 0 left on base; Echo Park 2 - Houston 4
BOTTOM OF THE 6TH
Houston 1837 BBC batting - Pitching for Echo Park Lakers : LHP Francisco Rivas
Batting: LHB Ramiro Palmeiro 0-0: Foul Ball, location: 2F
0-1: Ball
1-1: Called Strike
1-2: Ground out 5-3 (Groundball, 56, EV 109.4 MPH)
Batting: RHB Scott Dourque 0-0: Ball
1-0: Ground out 1-3 (Groundball, 34S, EV 77.5 MPH)
Batting: LHB Bill Dixon 0-0: Called Strike
0-1: Foul Ball, location: 2F
0-2: Strikes out looking
Bottom of the 6th over - 0 runs, 0 hits, 0 errors, 0 left on base; Echo Park 2 - Houston 4
TOP OF THE 7TH
Echo Park Lakers batting - Pitching for Houston 1837 BBC : RHP Millard Smith
Batting: RHB Ryoma Yamamoto 0-0: Called Strike
0-1: Ball
1-1: Ball
2-1: Ball
3-1: Fly out, F9 (Flyball, 89D, EV 103.1 MPH)
Batting: RHB Felipe Campos 0-0: Called Strike
0-1: Ball
1-1: Ball
2-1: Foul Ball, location: 2F
2-2: Ball
3-2: Base on Balls
Pitching: RHP Edmond McCord
Batting: LHB Wu-shun Chu 0-0: Called Strike
0-1: Ball
1-1: Ball
2-1: Swinging Strike
2-2: Fielders Choice at 2nd, 1-6 (Groundball, 13S, EV 69.4 MPH)
Batting: RHB Gilberto Juárez 0-0: Ball
Wu-shun Chu steals 2nd base
1-0: Ball
2-0: Called Strike
2-1: Ball
3-1: Foul Ball, location: 2F
3-2: Foul Ball, location: 2F
3-2: Base on Balls
Batting: LHB Philip Todd 0-0: Ball
1-0: Ball
2-0: Ball
3-0: 3-RUN HOME RUN (Flyball, 9D, EV 106.2 MPH), Distance : 386 ft
Batting: LHB John Schaefer 0-0: Swinging Strike
0-1: Called Strike
0-2: Strikes out swinging
Top of the 7th over - 3 runs, 1 hit, 0 errors, 0 left on base; Echo Park 5 - Houston 4
BOTTOM OF THE 7TH
Houston 1837 BBC batting - Pitching for Echo Park Lakers : LHP Francisco Rivas
Pitching: LHP Luis Díaz
Batting: RHB David Elías 0-0: Swinging Strike
0-1: Called Strike
0-2: Strikes out swinging
Batting: RHB Jon Huband 0-0: Ball
1-0: Called Strike
1-1: Fly out, F7 (Flyball, 7LMF, EV 91.9 MPH)
Batting: RHB Adam Smith 0-0: Called Strike
0-1: Foul Ball, location: 2F
0-2: Foul Ball, location: 2F
0-2: Ball
1-2: Ball
2-2: Strikes out swinging
Bottom of the 7th over - 0 runs, 0 hits, 0 errors, 0 left on base; Echo Park 5 - Houston 4
TOP OF THE 8TH
Echo Park Lakers batting - Pitching for Houston 1837 BBC : RHP Edmond McCord
Batting: RHB Komotay Koffie 0-0: Fly out, F7 (Flyball, 78D, EV 90.0 MPH)
Batting: RHB Kyu-cheol Kye 0-0: Foul Ball, location: 2F
0-1: Ground out 5-3 (Groundball, 56, EV 89.4 MPH)
Batting: SHB Ryan Wood 0-0: Ball
1-0: Called Strike
1-1: Swinging Strike
1-2: Strikes out swinging
Top of the 8th over - 0 runs, 0 hits, 0 errors, 0 left on base; Echo Park 5 - Houston 4
BOTTOM OF THE 8TH
Houston 1837 BBC batting - Pitching for Echo Park Lakers : LHP Luis Díaz
Pitching: RHP Corbin Holling
Batting: SHB Yeow-whye Zhu 0-0: Ball
1-0: Ball
2-0: Called Strike
2-1: Ball
3-1: Base on Balls
Batting: RHB Krystof Melichar 0-0: Called Strike
0-1: Foul Ball, location: 2F
0-2: Ball
1-2: Fielders Choice at 2nd, 6-4 (Groundball, 56S, EV 88.1 MPH)
Pitching: RHP Ed Abood
Batting: RHB Joey Trifone 0-0: Ball
1-0: Called Strike
1-1: Foul Ball, location: 2F
1-2: Fielders Choice at 2nd, 6-4 (Groundball, 56S, EV 85.0 MPH)
Pinch Hitting: LHB Javier Seco 0-0: Ground out 4-3 (Groundball, 4S, EV 81.2 MPH)
Bottom of the 8th over - 0 runs, 0 hits, 0 errors, 1 left on base; Echo Park 5 - Houston 4
TOP OF THE 9TH
Echo Park Lakers batting - Pitching for Houston 1837 BBC : RHP Edmond McCord
Now in LF: César Gómes
Batting: RHB Ryoma Yamamoto 0-0: Ball
1-0: Ball
2-0: SINGLE (Line Drive, 89S, EV 98.1 MPH)
Pitching: RHP Timoteo Sassetti
Batting: RHB Felipe Campos 0-0: Sac Bunt to 13 - play at second, runner OUT! 1-6
Batting: LHB Wu-shun Chu 0-0: Fly out, F8 (Flyball, 8LD, EV 97.5 MPH)
Batting: RHB Gilberto Juárez 0-0: Called Strike
0-1: Ball
1-1: Called Strike
1-2: Foul Ball, location: 2F
1-2: Ball
2-2: Ball
Felipe Campos steals 2nd base
3-2: Fly out, F4 (Popup, 3D, EV 76.2 MPH)
Top of the 9th over - 0 runs, 1 hit, 0 errors, 1 left on base; Echo Park 5 - Houston 4
BOTTOM OF THE 9TH
Houston 1837 BBC batting - Pitching for Echo Park Lakers : RHP Ed Abood
Now at 1B: Phil Gillespie
Now in RF: Carlos Hernández
Batting: RHB Scott Dourque 0-0: Ball
1-0: DOUBLE (Line Drive, 5D, EV 108.1 MPH)
Batting: LHB Bill Dixon 0-0: Swinging Strike
0-1: Foul Ball, location: 2F
0-2: Foul Ball, location: 2F
0-2: Ball
1-2: Ball
2-2: Strikes out looking
Pinch Hitting: RHB Min-gook Ch'oe 0-0: Ball
Scott Dourque steals 3rd base
1-0: Ball
2-0: Fly out, F8 (Flyball, 78S, EV 80.0 MPH)
Runner from 3rd tags up, OUT at HOME! 8-2
Bottom of the 9th over - 0 runs, 1 hit, 0 errors, 0 left on base; Echo Park 5 - Houston 4
Wednesday, July 8th, 2020 - OOTP Baseball 20.8 Build 74